 Dungeon Crawl Stone Soup version 0.14-a0-2017-g4a4604d (webtiles) character file.

210 MirrMurr the Ducker (level 4, -3/23 HPs)
             Began as a Spriggan Berserker on Jan 18, 2014.
             Was a Believer of Trog.
             Slain by an orc
             ... wielding a -1,+0 orcish mace
              (8 damage)
             ... on Level 3 of the Dungeon.
             The game lasted 00:06:12 (1819 turns).

MirrMurr the Ducker (Spriggan Berserker)            Turns: 1819, Time: 00:06:12

HP  -3/23        AC  3     Str 13      XL: 4   Next: 40%
MP   8/8         EV 20     Int  8      God: Trog [**....]
Gold 115         SH  0     Dex 16      Spells:  0 memorised,  3 levels left

rFire  . . .     SeeInvis +     a - +0 short sword
rCold  . . .     Clarity  .     b - +0 animal skin
rNeg   . . .     Conserve .     (shield restricted)
rPois  .         rCorr    .     (helmet restricted)
rElec  .         rRot     .     p - +0 dwarf cloak
SustAb . .       Spirit   .     (gloves unavailable)
rMut   .         Warding  .     (boots unavailable)
Saprov . . .     Stasis   .     (no amulet)
MR     .....                    (no ring)
                                (no ring)

@: very quick, not resistant to hostile enchantments, unstealthy
A: unfitting armour, see invisible, herbivore 3, speed 3, slow metabolism 2
a: Burn Spellbooks, Berserk, Trog's Hand, Renounce Religion


You were on level 3 of the Dungeon.
You worshipped Trog.
Trog was pleased with you.
You were not hungry.

You visited 1 branch of the dungeon, and saw 3 of its levels.

You collected 115 gold pieces.

Inventory:

Hand weapons
 a - a +0,+0 short sword (weapon)
Missiles
 l - 22 sling bullets
 q - 6 darts (quivered)
 x - 13 steel sling bullets
Armour
 b - a +0 animal skin (worn)
 p - a +0 dwarven cloak (worn)
Comestibles
 h - 3 bread rations
 o - an apple
 r - 2 chokos
Scrolls
 e - 5 scrolls of remove curse {unknown}
 g - a scroll of random uselessness {unknown}
 j - a scroll of curse jewellery {unknown}
 m - a scroll of identify {unknown}
 u - a scroll of fog {unknown}
 y - a scroll of curse armour {unknown}
Potions
 c - a potion of porridge
 d - 3 potions of curing
 f - a potion of magic {unknown}
 i - a potion of speed {unknown}
 k - a potion of paralysis {unknown}
 n - a potion of heal wounds {unknown}
 s - a potion of flight {unknown}
 t - a potion of poison {unknown}
 v - a potion of restore abilities {unknown}
 w - a potion of resistance {unknown}


   Skills:
 - Level 2.4 Fighting
 * Level 4.7 Short Blades
 + Level 2.1 Throwing
 + Level 5.5 Dodging


You had 3 spell levels left.
You didn't know any spells.

Dungeon Overview and Level Annotations

Branches:
Dungeon (3/16)

Altars:


Innate Abilities, Weirdness & Mutations

You are tiny and cannot use many weapons and most armour.
You have supernaturally acute eyesight.
You are a herbivore.
You cover ground extremely quickly.
You need consume almost no food.


Message History

You hit the worm.
The worm is severely wounded.
The worm bites you.
You hit the worm.
The worm is almost dead.
You hit the worm.
You kill the worm!
Trog accepts your kill.
You hit the orc but do no damage. The orc hits you with an orcish mace.
* * * LOW HITPOINT WARNING * * *
You are too injured to fight recklessly!
You are too injured to fight recklessly!
You are too injured to fight recklessly!
You hit the orc but do no damage. The orc closely misses you.
You hit the orc.
The orc is moderately wounded.
You closely miss the orc.
The orc is moderately wounded.
The orc hits you with an orcish mace!
You die...

###### ...... .......
.#####
########################
#........'...............
#.......@#.8###(8###.8###
########o################
##...........wo.........
#≈≈≈≈≈≈≈≈≈≈≈≈≈≈≈≈≈≈≈o≈≈≈
#≈≈≈≈≈≈≈≈≈≈≈≈≈≈≈≈≈≈≈≈≈≈
##.....................
######################


You could see an orc.

Vanquished Creatures
  4 adders
  2 worms
  A giant gecko (D:1)
  A ball python (D:3)
  A giant cockroach (D:1)
  7 hobgoblins
  7 bats
  A giant newt (D:2)
  A giant spore (D:3)
  7 goblins
  7 jackals
  3 kobolds
  5 rats
47 creatures vanquished.

Notes
Turn   | Place    | Note
--------------------------------------------------------------
     0 | D:1      | MirrMurr, the Spriggan Berserker, began the quest for the Orb.
     0 | D:1      | Reached XP level 1. HP: 11/11 MP: 2/2
   218 | D:1      | Reached skill level 5 in Dodging
   218 | D:1      | Reached XP level 2. HP: 14/16 MP: 4/4
   389 | D:1      | Reached skill level 1 in Throwing
   763 | D:2      | Acquired Trog's second power
   779 | D:2      | Reached XP level 3. HP: 19/19 MP: 6/6
  1391 | D:2      | Reached XP level 4. HP: 19/23 MP: 8/8
  1819 | D:3      | Slain by an orc

Action                   |  1- 3 |  4- 6 || total
-------------------------+-------+-------++-------
Melee: Short sword       |   150 |    66 ||   216
Throw: Dart              |     9 |     1 ||    10
  Use: Scroll            |     2 |     1 ||     3
       Potion            |     1 |       ||     1
 Stab: Sleeping          |     2 |       ||     2
